 Dungeon Crawl Stone Soup version 0.21.1-1-g345015fe64 (webtiles) character file.

3820 Jannitor the Skirmisher (level 9, 0/72 HPs)
             Began as a Mummy Chaos Knight on May 1, 2018.
             Killed from afar by Joseph (13 damage)
             ... with a wand of acid (4)
             ... on level 8 of the Dungeon.
             The game lasted 00:37:04 (11402 turns).

Jannitor the Skirmisher (Mummy Chaos Knight)       Turns: 11402, Time: 00:37:04

Health: 0/72       AC: 11    Str: 19    XL:     9   Next: 97%
Magic:  3/12       EV: 17    Int: 13    God:    Xom [*.....]
Gold:   110        SH:  0    Dex: 12    Spells: 3/8 levels left

rFire    x . .     SeeInvis .   B - +1 flail (protect)
rCold    + . .     Gourm    .   (no shield)
rNeg     + + +     Faith    .   b - +2 leather armour
rPois    ∞         Spirit   .   h - +0 helmet
rElec    .         Reflect  .   (no cloak)
rCorr    .         Harm     .   r - +2 pair of gloves {Str+3}
MR       ++...                  n - +0 pair of boots
Stlth    +.........             (no amulet)
HPRegen  0.22/turn              i - ring of protection from magic
MPRegen  0.13/turn              z - +5 ring of evasion

@: very slightly contaminated
A: no food or potions, fire vulnerability, cold resistance 1, negative energy
resistance 3, torment resistance, unbreathing
a: Renounce Religion


You were on level 8 of the Dungeon.
You worshipped Xom.
You were a special plaything of Xom.
You were not hungry.

You visited 1 branch of the dungeon, and saw 9 of its levels.

You collected 684 gold pieces.
You spent 574 gold pieces at shops.

Inventory:

Hand Weapons
 a - a +0 mace of chaos
 x - a +0 flail of crushing
 B - a +1 flail of protection (weapon)
 C - a +0 morningstar
Missiles
 f - 105 sling bullets
Armour
 b - a +2 leather armour (worn)
 d - a +0 pair of gloves
 h - a +0 helmet (worn)
 n - a +0 pair of boots (worn)
 r - a +2 pair of gloves of strength (worn)
 y - a +3 chain mail of cold resistance
Jewellery
 i - a ring of protection from magic (left hand)
 j - an uncursed ring of flight
 q - an uncursed ring of wizardry
 z - a +5 ring of evasion (right hand)
Wands
 p - a wand of acid (4)
 w - a wand of enslavement (11)
Scrolls
 c - 6 scrolls of teleportation
 g - a scroll of fear
 k - 4 scrolls of fog
 l - 4 scrolls of identify
 s - a scroll of blinking
 t - a scroll of magic mapping
 u - a scroll of random uselessness {unknown}
Books
 e - a book of Minor Magic

   Spells                             Type                      Level
   a - Magic Dart                     Conjuration                  1
   b - Blink                          Translocation                2
   c - Call Imp                       Summoning                    2
   d - Slow                           Hexes                        2
   e - Conjure Flame                  Conjuration/Fire             3
   f - Mephitic Cloud                 Conjuration/Poison/Air       3
 m - a book of Maledictions

   Spells                             Type                      Level
   a - Corona                         Hexes                        1
   b - Ensorcelled Hibernation        Hexes/Ice                    2
   c - Confuse                        Hexes                        3
   d - Tukima's Dance                 Hexes                        3
   e - Dazzling Spray                 Conjuration/Hexes            3
 v - a book of Necromancy

   Spells                             Type                      Level
   a - Pain                           Necromancy                   1
   b - Animate Skeleton               Necromancy                   1
   c - Vampiric Draining              Necromancy                   3
   d - Regeneration                   Charms/Necromancy            3
   e - Animate Dead                   Necromancy                   4
   f - Borgnjor's Vile Clutch         Necromancy/Earth             5


   Skills:
 + Level 7.2 Fighting
 + Level 6.0 Maces & Flails
 - Level 5.0 Armour
 + Level 2.3 Dodging
 - Level 4.7 Summonings
 - Level 3.4 Necromancy
 + Level 4.2 Evocations


You had 3 spell levels left.
You knew the following spells:

 Your Spells              Type           Power        Failure   Level  Hunger
a - Call Imp              Summ           ##......     8%          2    N/A
b - Blink                 Tloc           N/A          47%         2    N/A
c - Animate Skeleton      Necr           N/A          9%          1    N/A

Dungeon Overview and Level Annotations

Branches:
Dungeon (9/15)             Temple (0/1) D:7
   Lair: D:8-11         Orc: D:9-12

Altars:
Dithmenos
Elyvilon
Fedhas
Hepliaklqana
Kikubaaqudgha
Makhleb
Nemelex Xobeh
Okawaru
Ru
Trog
Vehumet
Wu Jian
Xom

Shops:
D:5 ![*?

Annotations:
D:2 1 runed door
D:4 Pikel
D:8 Erica, Joseph


Innate Abilities, Weirdness & Mutations

You do not eat or drink.
Your flesh is vulnerable to fire.
You are immune to poison.
Your flesh is cold resistant. (rC+)
You are immune to negative energy. (rN+++)
You are immune to unholy pain and torment.
You can survive without breathing.


Message History

The sling bullet hits your crimson imp!!
Your crimson imp dies!
Your iron imp hits Joseph!
You see here 4 sling bullets.
Unknown command.
Your white imp disappears in a puff of smoke!
Joseph shoots a sling bullet.
The sling bullet hits you!!
* * * LOW HITPOINT WARNING * * *
Your iron imp barely misses Joseph.
Unknown command.
Joseph drinks a potion.
Joseph is healed!
Something hits your iron imp!
Casting: Call Imp
Confirm with . or Enter, or press ? or * to list all spells.
You miscast Call Imp.
You are very lightly contaminated with residual magic.
Nothing appears to happen.
Joseph zaps a wand.
The bolt of acid hits you!
You die...
Xom laughs nastily!

#######...........#.# #...
#8_._##...........y.# ###...
#....##............# #.....
###..###............# ##.....
#....._#............# .......
###..###......##.### .......
#_...._#...........# .. .......
###..###...........# .#........
#8....##......@....##.#........
###..###.......................
#_....##.......................
##8..8##..........#............
#..).....!....................
#.............5##@.......@....
#..............##.##.#########
##########.....##..#..........
#........#####.#..........


You could see Joseph, a killer bee (wandering) and a friendly crimson imp.

Vanquished Creatures
  2 hippogriffs
  A wyvern (D:6)
  2 humans (D:8)
  Grum (D:8)
  2 sky beasts
  2 orc warriors
  An ogre (D:6)
  A necrophage (D:7)
  3 wolves (D:8)
  A centaur (D:7)
  A big kobold (D:8)
  A bullfrog (D:7)
  A scorpion (D:6)
  Dowan (D:7)
  A killer bee (D:8)
  2 wights (D:6)
  An electric eel (D:7)
  2 bullfrog zombies (D:7)
  A crimson imp (D:7)
  A centaur skeleton (D:5)
  2 jellies
  A bullfrog skeleton (D:4)
  2 hounds
  3 orc priests (D:7)
  3 iguanas
  8 orc wizards
  7 worker ants
  3 gnolls (D:7)
  A howler monkey skeleton (D:8)
  A worker ant zombie (D:6)
  16 adders
  2 shadow imps
  3 oozes
  An adder skeleton (D:4)
  3 worms (D:2)
  2 dart slugs (D:1)
  5 leopard geckos
  24 orcs
  4 ball pythons
  4 giant cockroaches
  2 goblins
  5 hobgoblins
  10 jackals
  15 kobolds
  2 quokkas
  8 bats
  6 frilled lizards
  A leopard gecko zombie (D:7)
  4 rats
176 creatures vanquished.

Vanquished Creatures (collateral kills)
  A spriggan (D:7)
  Duvessa (D:7)
  A slave (D:5)
  2 orc warriors
  A wolf (D:8)
  A centaur (D:6)
  A wyvern zombie (D:7)
  2 scorpions
  A water moccasin skeleton (D:8)
  4 wights (D:6)
  A howler monkey (D:7)
  A crimson imp (D:8)
  3 orc priests
  3 orc wizards
  A worker ant (D:6)
  7 orcs
  A giant cockroach (D:4)
  A jackal (D:4)
  2 kobolds (D:8)
  A quokka zombie (D:6)
  A butterfly (D:7)
37 creatures vanquished.

Vanquished Creatures (others)
  A slave (D:4)
1 creature vanquished.

Grand Total: 214 creatures vanquished

Notes
Turn   | Place    | Note
-------+----------+-------------------------------------------
     0 | D:1      | Jannitor the Mummy Chaos Knight began the quest for the Orb.
     0 | D:1      | Reached XP level 1. HP: 18/18 MP: 1/1
    62 | D:1      | XOM: divination: detect items
   156 | D:1      | XOM: harmless Erth miscast
   206 | D:1      | Reached XP level 2. HP: 19/24 MP: 2/2
   519 | D:1      | XOM: silly message
  1181 | D:2      | Found a runed door.
  1216 | D:2      | Reached XP level 3. HP: 28/29 MP: 3/3
  1471 | D:2      | Reached XP level 4. HP: 22/37 MP: 4/4
  1855 | D:2      | XOM: harmless Tloc miscast
  1859 | D:2      | XOM: harmless Hex miscast
  1952 | D:3      | XOM: harmless Ice miscast
  2011 | D:3      | Reached skill level 4 in Fighting
  2116 | D:2      | Found a sacrificial altar of Ru.
  2606 | D:3      | Noticed an orc warrior
  2684 | D:4      | XOM: silly message
  2689 | D:4      | Reached XP level 5. HP: 32/42 MP: 5/5
  2783 | D:4      | Learned a level 2 spell: Call Imp
  2786 | D:4      | Learned a level 2 spell: Blink
  3036 | D:4      | Noticed a slave
  3037 | D:4      | Noticed Pikel
  3037 | D:4      | Noticed a slave
  3050 | D:4      | XOM: enchant monster (good)
  3129 | D:4      | XOM: harmless Necr miscast
  3137 | D:4      | XOM: 2-stop teleportation journey
  3147 | D:4      | Found a hazy altar of Hepliaklqana.
  3160 | D:4      | XOM: summons 4 friendly demons
  3504 | D:3      | XOM: 7-stop teleportation journey
  3613 | D:3      | Reached XP level 6. HP: 43/49 MP: 6/6
  3690 | D:3      | XOM: divination: detect items
  3692 | D:3      | XOM: cleaving
  3884 | D:3      | Reached skill level 1 in Summonings
  3886 | D:3      | Killed an orc warrior
  4102 | D:4      | XOM: enchant monster (bad)
  4127 | D:4      | XOM: summons friendly iron imp
  4489 | D:4      | XOM: god gift: jewelled lead wand {god gift}
  4578 | D:4      | Noticed a slave
  4594 | D:4      | Noticed a slave
  4600 | D:4      | XOM: repel stairs
  4608 | D:5      | Entered Level 5 of the Dungeon
  4608 | D:5      | Found a blossoming altar of Fedhas.
  4608 | D:5      | Found Ukke's Antique Armour Shop.
  4612 | D:5      | Bought a pair of glowing gloves for 202 gold pieces
  4622 | D:5      | Found Goas's General Store.
  4640 | D:5      | Found Giat's Magic Scroll Shoppe.
  4649 | D:5      | Bought a scroll of magic mapping for 49 gold pieces
  4670 | D:5      | XOM: summons 1 hostile shadow creature
  4684 | D:5      | Reached skill level 5 in Fighting
  4741 | D:5      | Reached XP level 7. HP: 42/56 MP: 7/7
  4790 | D:5      | XOM: stat loss: -1 Int (11/12)
  4825 | D:5      | XOM: enchant monster (bad)
  4841 | D:5      | XOM: confusion
  4998 | D:5      | XOM: scenery: 1 doors close
  5050 | D:5      | Found Paustrac's Distillery.
  5078 | D:5      | XOM: silly message
  5151 | D:5      | XOM: god gift: 45 gold pieces
  5164 | D:5      | Bought a wand of enslavement (7) for 99 gold pieces
  5164 | D:5      | Bought 2 scrolls of fog for 44 gold pieces
  5164 | D:5      | Bought a scroll of teleportation for 33 gold pieces
  5230 | D:4      | XOM: scenery: create altars
  5265 | D:5      | XOM: cast spell 'Summon Small Mammal'
  5266 | D:5      | XOM: summons friendly white imp
  5371 | D:6      | Reached skill level 1 in Evocations
  5684 | D:6      | XOM: fog
  5886 | D:6      | Noticed Edmund
  5903 | D:6      | Noticed Edmund
  5903 | D:6      | Edmund changed into Edmund the wyvern
  5903 | D:6      | XOM: polymorph Edmund -> Edmund the wyvern
  5905 | D:6      | Killed Edmund the wyvern
  5975 | D:6      | Reached XP level 8. HP: 52/63 MP: 6/9
  6055 | D:5      | XOM: summons 1 hostile demon
  6272 | D:6      | Found a burning altar of Makhleb.
  6273 | D:6      | Noticed a cacodemon
  6277 | D:6      | Noticed a smoke demon
  6327 | D:6      | XOM: severe Summ miscast
  6328 | D:6      | Noticed an ice devil
  6531 | D:6      | XOM: 6-stop teleportation journey
  6746 | D:6      | XOM: mild Pois miscast
  6793 | D:6      | XOM: summons friendly ufetubus
  6794 | D:6      | Found a burning altar of Makhleb.
  7248 | D:6      | XOM: summons 8 friendly demons
  7268 | D:6      | Reached skill level 6 in Fighting
  7407 | D:6      | XOM: 5-stop teleportation journey
  7475 | D:6      | XOM: summons 1 hostile demon
  7687 | D:6      | XOM: summons 4 hostile demons
  7748 | D:6      | Reached skill level 5 in Maces & Flails
  7856 | D:7      | Noticed a hippogriff
  7873 | D:7      | Found a staircase to the Ecumenical Temple.
  8136 | D:7      | Learned a level 1 spell: Animate Skeleton
  8211 | D:7      | Reached skill level 1 in Necromancy
  8224 | D:7      | XOM: summons 2 friendly demons
  8226 | D:7      | HP: 1/65 [centaur (4)]
  8260 | D:7      | XOM: medium Air miscast
  8616 | D:7      | XOM: enchant monster (good)
  8620 | D:7      | Reached XP level 9. HP: 50/71 MP: 7/11
  8642 | D:7      | XOM: harmless Conj miscast
  8652 | D:7      | Noticed Dowan
  8775 | D:7      | XOM: mild Summ miscast
  8810 | D:7      | Killed Dowan
  8866 | D:7      | Reached skill level 5 in Armour
  9051 | D:7      | XOM: mild Conj miscast
  9102 | D:7      | XOM: god gift: 25 gold pieces
  9134 | D:7      | XOM: summons 4 hostile demons
  9321 | D:7      | XOM: cloud trail
  9343 | D:7      | Noticed Duvessa
  9347 | D:7      | Killed Duvessa
  9347 | D:7      | Reached skill level 1 in Dodging
  9424 | D:5      | Bought a scroll of blinking for 105 gold pieces
  9424 | D:5      | Bought a scroll of remove curse for 42 gold pieces
  9590 | D:7      | XOM: noise
  9647 | D:7      | XOM: cloud trail
  9673 | D:7      | XOM: enchant monster (bad)
  9770 | D:8      | Noticed Erica
  9784 | D:8      | XOM: summons 4 friendly demons
  9788 | D:8      | XOM: harmless Summ miscast
  9789 | D:8      | Noticed Erica
  9789 | D:8      | Erica changed into Erica the deep troll
  9789 | D:8      | XOM: polymorph Erica -> Erica the deep troll
  9791 | D:8      | XOM: enchant monster (good)
  9826 | D:8      | XOM: enchant monster (good)
  9911 | D:8      | Found an iron altar of Okawaru.
  9985 | D:8      | Noticed Grum
  9989 | D:8      | XOM: blink monster(s)
  9996 | D:8      | XOM: noise
 10018 | D:8      | Reached skill level 7 in Fighting
 10032 | D:8      | XOM: enchant monster (bad)
 10115 | D:8      | XOM: god gift: 12 stones
 10138 | D:8      | Found a bloodstained altar of Trog.
 10138 | D:8      | Found an ornate altar of the Wu Jian Council.
 10138 | D:8      | XOM: 1-stop teleportation journey
 10139 | D:8      | Found a shadowy altar of Dithmenos.
 10175 | D:8      | Found an ancient bone altar of Kikubaaqudgha.
 10175 | D:8      | Found a white marble altar of Elyvilon.
 10180 | D:8      | Found a sparkling altar of Nemelex Xobeh.
 10581 | D:8      | XOM: silly message
 10703 | D:8      | XOM: polymorph killer bee -> scorpion
 10763 | D:8      | XOM: cast spell 'Alistair's Intoxication'
 10769 | D:8      | Killed Grum
 10803 | D:8      | XOM: god gift: 26 gold pieces
 10856 | D:8      | Found a radiant altar of Vehumet.
 10864 | D:8      | XOM: polymorph iguana -> jelly
 10872 | D:8      | Noticed Joseph
 10896 | D:8      | XOM: 1-stop teleportation journey
 10968 | D:8      | XOM: god gift: 47 gold pieces
 11084 | D:8      | XOM: scenery: 1 doors close
 11402 | D:8      | Killed from afar by Joseph

Skill      XL: |  1  2  3  4  5  6  7  8  9 |
---------------+----------------------------+-----
Armour         | 2 3 4 5 |  5.0
Maces & Flails | 3 4 5 6 |  6.0
Fighting       | 4 5 6 7 |  7.2
Summonings     | 1 2 3 4 |  4.7
Evocations     | 1 3 4 |  4.2
Necromancy     | 1 3 |  3.4
Dodging        | 2 |  2.3

Action                   |  1- 3 |  4- 6 |  7- 9 || total
-------------------------+-------+-------+-------++-------
Melee: Mace              |   102 |   266 |    44 ||   412
       Flail             |       |       |   508 ||   508
 Cast: Call Imp          |       |     1 |    56 ||    57
       Animate Skeleton  |       |       |    19 ||    19
Evoke: Wand              |       |       |    12 ||    12
  Use: Scroll            |     3 |     3 |    15 ||    21
 Stab: Sleeping          |     1 |       |       ||     1
       Petrifying        |       |     1 |       ||     1
       Paralysed         |       |     5 |     2 ||     7
       Distracted        |       |       |     4 ||     4
       Petrified         |       |       |     8 ||     8
Armor: Leather armour    |    42 |   140 |   269 ||   451
Dodge: Dodged            |    70 |   229 |   508 ||   807
